 Dungeon Crawl Stone Soup version 0.17.1-3-g152610e (webtiles) character file.

2450152 LernaeanJelly the Merfolkian Porcupine (level 27, 262/262 (264) HPs)
             Began as a Merfolk Berserker on Apr 18, 2016.
             Was a High Priest of Trog.
             Escaped with the Orb
             ... and 4 runes on Apr 19, 2016!
             The game lasted 10:08:39 (66142 turns).

LernaeanJelly the Merfolkian Porcupine (MfBe)      Turns: 66142, Time: 10:08:39

HP:   262/262 (264) AC: 26    Str: 21    XL:     27
MP:   11/13         EV: 35    Int:  8    God:    Trog [*****.]
Gold: 1599          SH:  0    Dex: 21    Spells: 0 memorised, 26 levels left

rFire  + + .     SeeInvis +     H - +4 bardiche (antimagic)
rCold  . . .     Clarity  .     G - +4 moon troll leather armour {Spirit, Regen++ MP+5}
rNeg   + . .     SustAt   .     (shield currently unavailable)
rPois  +         Gourm    .     O - +2 helmet {SInv}
rElec  +         Spirit   +     K - +4 dragonskin cloak
rCorr  .         Warding  .     u - +2 pair of gloves {archery}
rMut   .         Stasis   .     M - +2 pair of boots
MR     ++...                    F - amulet of Vitality {Regen+ HP+15}
Stlth  +++.......               c - ring of protection from fire
                                A - ring of protection from fire

@: very resistant to hostile enchantments, fairly stealthy
A: change form in water, swift swim, clever 1, weak 1, subdued magic 1,
MP-powered wands
a: Berserk, Trog's Hand, Brothers in Arms, Burn Spellbooks, Renounce Religion
0: Orb of Zot
}: 4/15 runes: iron, obsidian, icy, bone


You escaped.
You worshipped Trog.
Trog was extremely pleased with you.
You were hungry.

You visited 8 branches of the dungeon, and saw 54 of its levels.
You also visited: Bailey and Wizlab.

You collected 4970 gold pieces.
You spent 3371 gold pieces at shops.

Inventory:

Hand Weapons
 i - the +4 Staff of Dispater
   (You took it off Dispater on level 7 of the Iron City of Dis)
 v - the +7 Sceptre of Asmodeus
   (You took it off Asmodeus on level 7 of Gehenna)
 H - a +4 antimagic bardiche (weapon)
   (Trog gifted it to you on level 7 of Cocytus)
 X - a +0 blowgun
   (You took it off a kobold on level 12 of the Dungeon)
Missiles
 n - 4 curare-tipped needles
 R - 2 throwing nets
Armour
 j - a +2 cloak of invisibility
   (You found it on level 7 of Gehenna)
 u - a +2 pair of gloves of archery (worn)
   (You found it on level 7 of Gehenna)
 G - the +4 moon troll leather armour (worn) {Spirit, Regen++ MP+5}
   (You took it off a moon troll in a wizard's laboratory)

   It affects your magic capacity (+5).
   It increases your rate of regeneration.
 K - the +4 dragonskin cloak (worn)
   (You took it off Tiamat on level 5 of the Depths)
 M - a +2 pair of boots (worn)
   (You found it on level 10 of the Dungeon)
 O - a +2 helmet of see invisible (worn)
   (You found it on level 7 of Tartarus)
Jewellery
 c - a ring of protection from fire (right hand)
   (You found it on level 7 of Tartarus)
 g - an uncursed ring of sustain attributes
   (You found it on level 12 of the Dungeon)
 h - an uncursed ring of flight
   (You found it on level 1 of the Dungeon)
 w - a +5 ring of dexterity
   (You found it on level 10 of the Dungeon)
 z - an uncursed amulet of stasis
   (You took it off a yaktaur on level 2 of the Depths)
 A - a ring of protection from fire (left hand)
   (You found it in a wizard's laboratory)
 F - the amulet of Vitality (around neck) {Regen+ HP+15}
   (You took it off a greater mummy on level 3 of the Depths)

   [amulet of regeneration]

   It affects your health (+15).
   It increases your rate of regeneration.
 P - the amulet "Riur" {Ward -Tele rN+ MR++ Int+2 Dex+4}
   (You found it on level 7 of Tartarus)

   [amulet of warding]

   It may prevent the melee attacks of summoned creatures.
   It affects your intelligence (+2).
   It affects your dexterity (+4).
   It protects you from negative energy.
   It affects your resistance to hostile enchantments.
   It prevents most forms of teleportation.
Wands
 a - a wand of hasting (0)
   (You acquired it in a bailey)
 b - a wand of fire (0)
   (You found it on level 2 of the Realm of Zot)
 q - a wand of heal wounds (3)
   (You took it off a frost giant on level 3 of the Depths)
 C - a wand of slowing (15)
   (You found it on level 13 of the Dungeon)
 L - a wand of digging (0)
   (You found it on level 5 of the Depths)
 W - a wand of digging (0)
   (You found it on level 4 of the Depths)
Scrolls
 e - a scroll of recharging
 f - 2 scrolls of teleportation
 k - 2 scrolls of identify
 p - a scroll of fog
 r - 6 scrolls of immolation
 x - 2 scrolls of blinking
 B - 2 scrolls of fear
 I - 10 scrolls of remove curse
 U - 3 scrolls of vulnerability
Potions
 l - a potion of resistance
 N - a potion of magic
 Q - a potion of agility
 S - a potion of cancellation
 T - a potion of curing
Miscellaneous
 o - a phial of floods
   (You found it on level 7 of Cocytus)
 E - a fan of gales (inert)
   (You bought it in a shop on level 2 of the Depths)
 J - a lamp of fire (inert)
   (You found it in a wizard's laboratory)
 V - the horn of Geryon
   (You took it off Geryon in the Vestibule of Hell)
 Y - a sack of spiders {used: 1}
   (You found it on level 1 of the Realm of Zot)
Comestibles
 s - 2 meat rations {@e2}
 D - 2 beef jerkies
 Z - 4 fruits


   Skills:
 O Level 27 Fighting
 O Level 27 Polearms
 - Level 11.9 Armour
 + Level 25.3 Dodging
 - Level 23.6 Stealth
 - Level 19.5 Evocations


You had 26 spell levels left.
You didn't know any spells.

Dungeon Overview and Level Annotations

Branches:
Dungeon (15/15)            Temple (0/1) D:5            Lair (0/8) D:9
    Orc (0/4) D:10         Vaults (0/5) D:13         Depths (5/5) D:15
   Hell (1/1)                 Dis (7/7) Hell            Geh (7/7) Hell
    Coc (7/7) Hell            Tar (7/7) Hell            Zot (5/5) Depths:5

Altars:
Cheibriados
Dithmenos
Elyvilon
Fedhas
Gozag
Ru
Sif Muna
Trog
Xom
The Shining One
Lugonu

Shops:
D:8 (*   D:9 [   Depths:2 }

Portals:
Hell: Depths:1 Depths:2 Depths:3 Depths:4 Depths:5
Abyss: Depths:1 Depths:3 Depths:4
Pandemonium: Depths:3
Ziggurat: Depths:5

Annotations:
D:9 exclusion: downstairs
D:13 exclusion: downstairs
Depths:3 exclusion: downstairs
Depths:4 exclusion: downstairs
Coc:7 exclusion: ice statue
Tar:4 10 runed doors
Zot:5 exclusions: 2 upstairs and 1 more exclusion


Innate Abilities, Weirdness & Mutations

You revert to your normal form in water.
You are very nimble and swift while swimming.
Your mind is acute. (Int +2)
You are weak. (Str -2)
Your spells are a little easier to cast, but a little less powerful.
You expend magic power (3 MP) to strengthen your wands.


Message History

You kill the Orb Guardian!
Trog accepts your kill.
You climb upwards.
There is a stone staircase leading down here.
Unknown command.
(D) Dungeon (T) Temple (L) Lair (O) Orcish Mines (V) Vaults (U) Depths (H) Hell (I) Dis (G) Gehenna (X) Cocytus (Y) Tartarus (Z) Zot
Where to? (Enter - D:9 @ (x,y), ? - help)
There is a stone staircase leading up here.
You climb upwards.
There is a stone staircase leading down here.
There is an open door here.
An iron imp comes into view.
There is a stone staircase leading up here.
You climb upwards.
There is a stone staircase leading down, spattered with blood here.
Items here: ))) [[ a hand axe; a club; a chain mail; a dagger; a scale mail The rock shatters into small pieces.
This wand has 2 charges left.
You now have 10/13 mp.
The rock shatters into small pieces.
This wand has 1 charge left.
You now have 8/13 mp.
An Orb Guardian comes into view.
There is a stone staircase leading up here.
You slice the Orb Guardian!! The Orb Guardian hits you!
You take 9 damage, and have 253/262 hp.
You carve the Orb Guardian like a ham!!!
The Orb Guardian completely misses you.
You regained 2 hp, and now have 255/262 hp.
You slice the Orb Guardian!!
You kill the Orb Guardian!
Trog accepts your kill.
You regained 2 hp, and now have 258/262 hp.
A small abomination comes into view.
There is a stone staircase leading up here.
You climb upwards.
There is a stone staircase leading down here.
Health restored: 262 Unknown command.
There is a stone staircase leading up here.
You climb upwards.
There is a stone staircase leading down here.
Unknown command.
The rock shatters into small pieces.
This wand has 0 charges left.
You now have 9/13 mp.
A red devil comes into view. It is wielding a trident.
This wand has no charges.
The rock shatters into small pieces.
This wand has 1 charge left.
You now have 8/13 mp.
A Hell Sentinel comes into view.
Unknown command.
The Hell Sentinel roars!
Unknown command.
There is a stone staircase leading up here.
The Hell Sentinel gestures at you.
The hellfire explodes!
The blast of hellfire engulfs you!
You climb upwards.
There is a stone staircase leading down here.
You take 31 damage, and have 231/262 hp.
Unknown command.
You regained 2 hp, and now have 233/262 hp.
Your skin crawls.
You feel resistant to hostile enchantments.
You feel slightly more hungry.
You regained 3 hp, and now have 237/262 hp.
You regained 3 hp, and now have 240/262 hp.
You regained 3 hp, and now have 243/262 hp.
You regained 2 hp, and now have 245/262 hp.
You regained 3 hp, and now have 248/262 hp.
You regained 3 hp, and now have 251/262 hp.
You regained 3 hp, and now have 254/262 hp.
You regained 2 hp, and now have 256/262 hp.
You regained 3 hp, and now have 259/262 hp.
Health restored: 262 An Orb Guardian comes into view.
There is a stone staircase leading up here.
You feel the effects of Trog's Hand fading.
You climb upwards.
There is a stone staircase leading down here.
Your skin stops crawling.
You feel less resistant to hostile enchantments.
There is an open door here.
There is a stone staircase leading up here.
MP restored: 13 You climb upwards.
There is a stone staircase leading down here.
Your skin crawls.
You feel resistant to hostile enchantments.
You feel slightly more hungry.
There is an open door here.
You feel the effects of Trog's Hand fading.
Your skin stops crawling.
You feel less resistant to hostile enchantments.
You are feeling hungry.
The rock shatters into small pieces.
This wand has 0 charges left.
You now have 10/13 mp.
A red devil and a balrug come into view.
There is a staircase leading out of the dungeon here.
You have escaped!

# #.# #.....##...#...... # #.#
#.#######.#######. # #.# #.# #.#
#. # ##.# #.# #.# #. # #..# #.#
##'## #. ### #.## #'# ###...## #.
..# #.# ##.####.##...## #. ..#
#.###...##.#'#....## #.
..#########.##..@..'##.##....###.
.............##....##...##...'...
..#########.####.##......##..####
..# #.# #'##.......#.## ## #.#
#รท####.###.....#### #. #.#
#..##..(###...## #. #.##
#..#.....'##..## #. #..#
###..##4.2##.#'#.# #. ##.#
#.....##.####.##.# #.


You could see a balrug and a red devil (wandering).

Vanquished Creatures
  Asmodeus (Geh:7)
  the Serpent of Hell (Geh:7)
  3 ancient liches (Zot:5)
  6 orbs of fire
  4 greater mummies (Depths:3)
  Boris (Depths:5)
  5 shard shrikes
  Saint Roka (Depths:4)
  A curse toe (Zot:2)
  3 Killer Klowns (Zot:5)
  Geryon (Hell)
  4 golden dragons
  16 Brimstone Fiends
  10 bone dragons
  2 electric golems (Zot:5)
  11 tentacled monstrosities
  23 Orb Guardians
  15 Ice Fiends
  6 Hell Sentinels (Dis:7)
  4 liches
  A moon troll (WizLab)
  13 Shadow Fiends
  An Executioner (Dis:2)
  3 quicksilver dragons
  2 ancient champions (Hell)
  4 sphinxes
  5 death cobs
  An octopode crusher (Depths:3)
  6 shadow dragons
  A tengu reaver (Depths:4)
  8 tentacled starspawn (WizLab)
  7 storm dragons
  11 fire giants
  5 draconian monks
  A revenant (Hell)
  A ghost moth (Zot:4)
  10 frost giants
  2 draconian scorchers
  8 iron dragons
  3 cacodemons
  3 draconian knights (Zot:4)
  5 draconian shifters
  4 ghouls (Depths:2)
  13 balrugs
  2 draconian annihilators (Zot:5)
  23 very ugly things
  2 spriggan defenders (Depths:4)
  A stone giant (shapeshifter) (Depths:4)
  18 stone giants
  8 war gargoyles
  3 vampire knights
  4 elemental wellsprings (Coc:7)
  2 green draconians
  A salamander firebrand (Geh:4)
  41 reapers
  3 draconian callers
  9 black draconians
  A deep elf demonologist (Depths:5)
  2 lorocyprocas
  A salamander stormcaller (D:15)
  A deep elf annihilator (Depths:4)
  6 white draconians
  6 mottled draconians
  3 purple draconians
  7 red draconians
  7 yellow draconians
  A green death (Geh:7)
  2 deep elf death magi (Depths:4)
  A spectral kraken (Tar:7)
  19 blizzard demons
  A merfolk javelineer (Depths:4)
  2 mummy priests (Depths:3)
  4 quicksilver dragon zombies
  A deep elf high priest (Depths:5)
  9 yaktaur captains
  2 kraken zombies
  Josephine (D:13)
  12 ettins
  A merfolk impaler (Depths:3)
  22 fire dragons
  7 great orbs of eyes
  9 entropy weavers
  A hell beast (Dis:7)
  3 hydras
  A quicksilver dragon skeleton (Tar:2)
  A hydra (shapeshifter) (Depths:4)
  A ghost crab (Tar:6)
  29 ice dragons
  A spriggan air mage (Depths:4)
  13 centaur warriors
  A monstrous demonspawn (Depths:3)
  A rakshasa (Depths:1)
  11 deep troll earth magi
  An ogre mage (Depths:2)
  8 hell hogs (Hell)
  7 tengu warriors
  7 titan zombies
  18 hell knights
  2 vampire magi
  15 deep troll shamans
  A dancing weapon (Dis:4)
  18 iron golems
  13 soul eaters
  7 storm dragon zombies
  A wretched star (WizLab)
  3 spriggan berserkers
  The ghost of Sl000nik the Protected, a novice GrFi (Bailey)
  5 titan skeletons
  17 iron trolls
  10 giant orange brains
  17 sun demons
  2 storm dragon skeletons
  54 skeletal warriors
  18 shadow demons
  4 golden dragon zombies
  2 kraken simulacra (Coc:7)
  4 unseen horrors
  A shadow wraith (D:13)
  8 anaconda zombies
  A death drake (Tar:7)
  An orange crystal statue (WizLab)
  23 ice devils
  A ghost moth zombie (Geh:7)
  2 flayed ghosts
  A swamp dragon (Bailey)
  24 deep trolls
  6 phantasmal warriors
  4 shadow dragon zombies
  A wizard (Depths:1)
  4 anaconda skeletons
  5 golden dragon skeletons
  7 hill giants
  6 iron dragon zombies
  An orc sorcerer (Bailey)
  3 cyclopes
  3 orc knights
  A wolf spider (D:13)
  2 hornets (shapeshifter)
  A deep elf conjurer (Depths:5)
  A manticore (D:13)
  7 necromancers
  5 wolf spider zombies
  A sixfirhy (Hell)
  5 large abominations
  14 frost giant zombies
  4 stone giant zombies
  A shadow dragon skeleton (Geh:7)
  3 fire giant zombies
  A hornet (D:13)
  60 ugly things
  A shock serpent zombie (Geh:7)
  A faun (shapeshifter) (Depths:4)
  2 griffons (D:13)
  3 salamanders (Geh:4)
  14 moths of wrath
  34 rust devils
  2 stone giant skeletons
  A dire elephant zombie (Dis:7)
  10 fire giant skeletons
  3 orange demons
  5 frost giant skeletons
  4 ice statues
  Psyche (D:11)
  3 smoke demons
  5 eyes of devastation (WizLab)
  A shock serpent skeleton (Geh:7)
  6 dire elephant skeletons
  2 spriggan skeletons (Depths:2)
  2 emperor scorpion zombies
  25 tormentors
  12 spectral swamp worms (Tar:7)
  31 hellions
  7 tengu conjurers
  A komodo dragon (D:15)
  20 yaktaurs
  A fire drake (shapeshifter) (D:13)
  3 guardian mummies (Depths:3)
  25 freezing wraiths
  2 kobold demonologists
  2 efreet
  28 blue devils
  13 red devils
  2 harpy zombies
  2 catoblepas skeletons
  A troll (shapeshifter) (D:13)
  17 hydra zombies
  A shadow dragon simulacrum (Coc:2)
  A harpy skeleton (Coc:6)
  3 silent spectres
  3 two-headed ogres
  7 alligator zombies
  Prince Ribbit (D:9)
  A queen bee (shapeshifter) (Depths:4)
  3 hydra skeletons
  18 slime creatures
  3 trolls
  A two-headed ogre (shapeshifter) (Depths:4)
  5 ettin zombies
  2 ice dragon zombies
  A trapdoor spider zombie (D:15)
  A slime creature (shapeshifter) (Depths:4)
  2 spriggan zombies (Depths:2)
  3 bog bodies (Coc:7)
  2 wind drakes (shapeshifter)
  The ghost of DEFE the Cutter, an amateur DEFi of Cheibriados (D:5)
  2 wolf spider simulacra
  An alligator skeleton (Coc:5)
  A trapdoor spider (D:13)
  A black mamba zombie (Geh:7)
  6 ettin skeletons
  2 ice dragon skeletons
  4 spriggans
  A stone giant simulacrum (Tar:6)
  5 fire dragon skeletons
  22 wraiths
  40 yaks
  16 shadows
  A tarantella (Depths:2)
  7 redbacks
  59 flying skulls
  2 neqoxecs (WizLab)
  5 deep elf magi
  3 golden eyes (WizLab)
  3 wyverns
  A yak (shapeshifter) (Depths:1)
  3 hungry ghosts
  2 vampire mosquitoes (D:13)
  2 deep elf fighters (Depths:5)
  9 vampires
  16 water elementals
  3 fire elementals
  2 elf skeletons
  3 hippogriffs
  A warg (Depths:4)
  A hydra simulacrum (Coc:6)
  A warg (shapeshifter) (D:13)
  36 hell hounds
  7 ice beasts
  2 spatial vortices
  2 porcupines
  A tengu skeleton (Depths:2)
  2 water moccasins
  A merfolk skeleton (Geh:7)
  20 orc warriors
  A spiny frog skeleton (Hell)
  2 spiny frog zombies
  3 snapping turtle zombies
  4 eyes of draining
  8 boggarts (Depths:4)
  A manticore zombie (Dis:4)
  An ettin simulacrum (Coc:7)
  A tengu (Depths:4)
  8 wasps
  12 ogres
  4 sky beasts
  17 necrophages
  11 phantoms
  2 swamp dragon zombies
  2 manticore skeletons
  A snapping turtle skeleton (Geh:7)
  2 alligator simulacra
  5 centaurs
  An ice dragon simulacrum (Hell)
  3 crocodiles
  An elf zombie (Dis:7)
  8 big kobolds
  2 gnoll sergeants
  12 giant frogs
  8 scorpions
  A troll zombie (Tar:7)
  12 killer bees
  A spiny frog simulacrum (Coc:7)
  66 wights
  5 electric eels (Bailey)
  12 crimson imps
  5 centaur zombies
  A gnoll shaman (D:7)
  6 starcursed masses (WizLab)
  A giant frog zombie (D:8)
  2 quasits
  4 giant frog skeletons
  4 centaur skeletons
  12 orc wizards
  26 iron imps
  7 jellies
  4 hounds
  A human skeleton (Geh:7)
  6 iguanas
  6 orc priests
  9 worker ants
  7 sheep
  A naga zombie (Geh:7)
  A hound skeleton (D:4)
  7 mummies
  26 gnolls
  Robin (D:3)
  12 adders
  3 river rats
  11 white imps
  6 shadow imps
  2 oozes
  2 adder skeletons (D:8)
  4 worms
  9 giant geckos
  68 orcs
  10 giant cockroaches
  7 hobgoblins
  9 jackals
  10 quokkas
  7 bats
  4 giant newts
  26 goblins
  17 kobolds
  An orc skeleton (Tar:7)
  2 quokka skeletons
  7 rats
  7 starspawn tentacles (WizLab)
  2 tentacles
2214 creatures vanquished.

Vanquished Creatures (collateral kills)
  Antaeus (Coc:7)
  Ereshkigal (Tar:7)
  Dispater (Dis:7)
  Tiamat (Depths:5)
  An orb of fire (Zot:5)
  3 Brimstone Fiends (Geh:7)
  An Ice Fiend (Coc:7)
  A Hell Sentinel (Dis:7)
  2 Orb Guardians (Zot:5)
  A quicksilver dragon (Dis:2)
  3 storm dragons
  A fire giant (Geh:7)
  4 iron dragons (Dis:7)
  A draconian knight (Depths:5)
  A cacodemon (Dis:7)
  A draconian scorcher (Zot:3)
  A draconian shifter (Zot:3)
  A draconian zealot (Zot:3)
  A very ugly thing (Depths:5)
  8 reapers
  A stone giant (Depths:1)
  An elemental wellspring (Coc:7)
  A draconian caller (Zot:3)
  4 war gargoyles (Dis:7)
  2 blizzard demons
  A quicksilver dragon zombie (Dis:7)
  A fire dragon (Depths:2)
  2 ice dragons (Coc:7)
  A titan zombie (Geh:7)
  4 sun demons (Geh:7)
  5 iron golems
  A hell knight (Geh:4)
  A titan skeleton (Coc:7)
  5 skeletal warriors
  4 iron trolls (Dis:7)
  A shadow demon (Tar:6)
  A storm dragon skeleton (Geh:7)
  4 ice devils
  A golden dragon zombie (Dis:2)
  A phantasmal warrior (Tar:5)
  A flayed ghost (Depths:3)
  A golden dragon skeleton (Coc:7)
  An iron dragon zombie (Geh:4)
  2 fire giant zombies
  A moth of wrath (Zot:3)
  A shadow dragon skeleton (Tar:5)
  An iron dragon skeleton (Coc:7)
  A dire elephant zombie (Tar:5)
  A frost giant skeleton (Coc:7)
  4 rust devils
  An emperor scorpion zombie (Dis:7)
  A dire elephant skeleton (Coc:5)
  An efreet (Geh:4)
  A komodo dragon (D:14)
  A yaktaur (D:15)
  A catoblepas zombie (Coc:7)
  A smoke demon (Depths:2)
  A tormentor (Coc:2)
  2 red devils
  4 freezing wraiths
  4 blue devils
  2 hydra zombies
  A bog body (Coc:7)
  3 ettin zombies
  2 slime creatures (D:13)
  A fire dragon zombie (Coc:7)
  8 flying skulls
  A shadow (Tar:7)
  A yak (D:14)
  2 black mamba zombies (Dis:7)
  An ettin skeleton (Geh:7)
  3 wraiths
  A hungry ghost (D:13)
  An ice beast (Coc:7)
  A spiny frog skeleton (Coc:7)
  A necrophage (Tar:6)
  7 iron imps (Dis:7)
  A human skeleton (Coc:5)
  3 shadow imps
  2 white imps (Coc:5)
151 creatures vanquished.

Vanquished Creatures (others)
  4 eldritch tentacles
  A storm dragon (Zot:3)
  2 draconian knights
  A draconian scorcher (Zot:3)
  2 draconian zealots (Zot:3)
  2 draconian callers (Zot:3)
  A draconian annihilator (Zot:3)
  A purple draconian (Zot:5)
  A red draconian (Zot:3)
  A yellow draconian (Zot:4)
  A quicksilver dragon zombie (Dis:7)
  A titan zombie (Dis:7)
  A golden dragon zombie (Geh:7)
  An iron dragon zombie (Dis:7)
  An iron dragon skeleton (Geh:7)
  An ugly thing (Depths:3)
  8 flying skulls
  A wraith (Geh:7)
  A water elemental (Coc:3)
  A necrophage (Tar:5)
  2 iron imps
  A shadow imp (Tar:7)
  2 white imps
  An orc (Bailey)
  587 eldritch tentacle segments
  A fire vortex (Depths:4)
  2 fungi (D:9)
  16 plants
  25 starspawn tentacles (WizLab)
  88 starspawn tentacle segments (WizLab)
  25 tentacles
  402 tentacle segments
1185 creatures vanquished.

Grand Total: 3550 creatures vanquished

Notes
Turn   | Place    | Note
--------------------------------------------------------------
     0 | D:1      | LernaeanJelly the Merfolk Berserker began the quest for the Orb.
     0 | D:1      | Reached XP level 1. HP: 18/18 MP: 1/1
   159 | D:1      | Reached skill level 3 in Dodging
   167 | D:1      | Reached XP level 2. HP: 24/24 MP: 2/2
   908 | D:2      | Reached XP level 3. HP: 29/29 MP: 3/3
  1085 | D:2      | Reached skill level 5 in Polearms
  1132 | D:2      | Reached skill level 2 in Armour
  1250 | D:2      | Reached ** piety under Trog
  1331 | D:3      | Found a bloodstained altar of Trog.
  1332 | D:3      | Noticed Robin
  1402 | D:3      | Killed Robin
  1402 | D:3      | Reached XP level 4. HP: 35/35 MP: 4/4
  1542 | D:3      | Reached skill level 6 in Polearms
  1595 | D:3      | Reached skill level 7 in Polearms
  1595 | D:3      | Reached XP level 5. HP: 36/41 MP: 5/5
  1611 | D:3      | Reached *** piety under Trog
  2220 | D:3      | Found a white marble altar of Elyvilon.
  2221 | D:3      | Found a blossoming altar of Fedhas.
  2302 | D:4      | Reached skill level 8 in Polearms
  2358 | D:4      | Reached XP level 6. HP: 40/47 MP: 6/6
  2386 | D:4      | Found a snail-covered altar of Cheibriados.
  2520 | D:4      | Received a gift from Trog
  2574 | D:4      | Reached skill level 9 in Polearms
  2751 | D:4      | Found a shadowy altar of Dithmenos.
  2865 | D:4      | Reached **** piety under Trog
  3349 | D:5      | Entered Level 5 of the Dungeon
  3443 | D:5      | Found a shimmering altar of Xom.
  3460 | D:5      | Reached skill level 10 in Polearms
  3480 | D:5      | Reached XP level 7. HP: 50/52 MP: 7/7
  3560 | D:5      | Found a staircase to the Ecumenical Temple.
  3666 | D:5      | Found a sacrificial altar of Ru.
  3798 | D:5      | Noticed DEFE's ghost (amateur DEFi)
  3807 | D:5      | Killed DEFE's ghost
  3807 | D:5      | Reached skill level 11 in Polearms
  4267 | D:6      | Reached skill level 12 in Polearms
  4273 | D:6      | Reached XP level 8. HP: 58/58 MP: 8/8
  4567 | D:6      | You fall through a shaft for 3 floors!
  4588 | D:9      | Reached skill level 13 in Polearms
  4589 | D:9      | Found a glowing golden altar of the Shining One.
  4654 | D:9      | Noticed Prince Ribbit
  4681 | D:9      | Killed Prince Ribbit
  4742 | D:9      | Reached skill level 14 in Polearms
  4783 | D:9      | Reached XP level 9. HP: 47/64 MP: 9/9
  4788 | D:9      | Reached skill level 15 in Polearms
  4838 | D:9      | Reached skill level 16 in Polearms
  5292 | D:8      | Reached skill level 17 in Polearms
  5766 | D:8      | Found Alintock's Weapon Emporium.
  5830 | D:8      | Reached XP level 10. HP: 70/70 MP: 10/10
  5863 | D:8      | Reached skill level 18 in Polearms
  5865 | D:8      | Reached ***** piety under Trog
  5865 | D:8      | Received a gift from Trog
  6037 | D:8      | Found Neluqad's Assorted Antiques.
  6059 | D:8      | Bought a brightly glowing chain mail for 313 gold pieces
  6069 | D:8      | Identified the +1 chain mail of Noon {-Cast rPois Int+3 Stlth+} (You bought it in a shop on level 8 of the Dungeon)
  6905 | D:7      | Reached skill level 19 in Polearms
  7904 | D:9      | Reached skill level 20 in Polearms
  8150 | D:9      | Found a staircase to the Lair.
  8362 | D:9      | Found Uraod's Armour Boutique.
  8446 | D:9      | Reached XP level 11. HP: 55/75 MP: 11/11
  8566 | D:10     | Entered Level 10 of the Dungeon
  8666 | D:10     | Reached skill level 21 in Polearms
  8762 | D:10     | Found a staircase to the Orcish Mines.
  8841 | D:10     | Noticed a seven-headed hydra
  8842 | D:10     | Noticed an iron golem
  8842 | D:10     | Noticed an iron golem
  8845 | D:10     | Noticed an iron golem
  9050 | D:9      | Found a staircase to the Lair.
  9118 | D:9      | Found a glowing golden altar of the Shining One.
  9409 | D:9      | Killed a seven-headed hydra
  9475 | D:9      | Found Uraod's Armour Boutique.
  9800 | D:7      | Received a gift from Trog
  9941 | D:10     | Reached skill level 4 in Dodging
  9949 | D:10     | Reached skill level 4 in Fighting
 10301 | D:10     | Killed an unseen horror
 10520 | D:11     | Reached skill level 5 in Dodging
 10532 | D:11     | Reached skill level 5 in Fighting
 10547 | D:11     | Reached skill level 6 in Dodging
 10660 | D:10     | Noticed an iron golem
 10711 | D:9      | Killed an iron golem
 10711 | D:9      | Reached skill level 6 in Fighting
 10751 | D:9      | HP: 8/81 [iron golem (21)]
 10765 | D:9      | HP: 20/81 [something (1)]
 10774 | D:9      | HP: 17/81 [something (7)]
 10776 | D:9      | Killed an iron golem
 10776 | D:9      | Reached skill level 7 in Dodging
 10780 | D:9      | HP: 17/83 [something (5)]
 10788 | D:9      | Killed an unseen horror
 11118 | D:10     | Reached skill level 8 in Dodging
 11255 | D:9      | Reached skill level 7 in Fighting
 11324 | D:9      | Killed an iron golem
 11324 | D:9      | Reached XP level 12. HP: 57/91 MP: 4/12
 11396 | D:9      | Killed an iron golem
 11595 | D:11     | Noticed Psyche
 11595 | D:11     | Noticed a hill giant
 11609 | D:11     | Killed a hill giant
 11609 | D:11     | Reached skill level 9 in Dodging
 11738 | D:11     | Killed Psyche
 11738 | D:11     | Reached skill level 8 in Fighting
 12558 | D:12     | HP: 22/94 [two-headed ogre/giant club (8)]
 13148 | D:12     | Reached skill level 10 in Dodging
 13398 | D:12     | Reached skill level 9 in Fighting
 13539 | D:12     | Found an opulent altar of Gozag.
 13725 | D:12     | Noticed a six-headed hydra
 13736 | D:12     | Killed a six-headed hydra
 13877 | D:13     | Received a gift from Trog
 14198 | D:13     | Found a flagged portal.
 14210 | Bailey   | Entered a bailey
 14249 | Bailey   | Reached skill level 11 in Dodging
 14300 | Bailey   | Noticed Sl000nik's ghost (novice GrFi)
 14309 | Bailey   | Killed Sl000nik's ghost
 14352 | Bailey   | Reached skill level 10 in Fighting
 14490 | Bailey   | Found an iron altar of Okawaru.
 14504 | Bailey   | Got a faintly glowing chain mail
 14520 | Bailey   | Identified the +1 chain mail of Reason {*Drain rPois MR+ Stlth+} (You took it off a gnoll in a bailey)
 15464 | Bailey   | Received a gift from Trog
 15627 | Bailey   | Reached skill level 22 in Polearms
 15940 | D:13     | Noticed Josephine
 15962 | D:13     | Killed Josephine
 15962 | D:13     | Reached XP level 13. HP: 103/103 MP: 4/13
 16095 | D:13     | Reached skill level 23 in Polearms
 16295 | D:13     | Found Fuatsol's Food Emporium.
 16379 | D:13     | Found a gate to the Vaults.
 16532 | D:13     | Noticed a tengu warrior
 16562 | D:13     | Killed a tengu warrior
 16971 | D:13     | Noticed an ice dragon
 17022 | D:13     | Noticed a vampire knight
 17202 | D:13     | Reached skill level 24 in Polearms
 17364 | D:13     | Killed a vampire knight
 18417 | D:13     | Reached skill level 25 in Polearms
 18439 | D:13     | Killed an ice dragon
 18630 | D:13     | Reached XP level 14. HP: 77/110 MP: 4/14
 19133 | D:13     | Found a gate to the Vaults.
 19232 | D:13     | Found Fuatsol's Food Emporium.
 20063 | D:14     | Reached ****** piety under Trog
 20082 | D:14     | Reached skill level 26 in Polearms
 20585 | D:14     | Received a gift from Trog
 20585 | D:14     | Reached skill level 3 in Armour
 20912 | D:14     | Reached skill level 4 in Armour
 21429 | D:15     | Entered Level 15 of the Dungeon
 21761 | D:15     | Reached skill level 5 in Armour
 22228 | D:15     | Found a deep blue altar of Sif Muna.
 22379 | D:15     | HP: 9/111 [yaktaur captain/bolt (25)]
 22384 | D:15     | Found a staircase to the Depths.
 22393 | D:15     | HP: 23/111 [yaktaur captain/bolt (27)]
 22932 | D:14     | Reached skill level 6 in Armour
 23664 | D:13     | Found Fuatsol's Food Emporium.
 24024 | D:13     | Found a gate to the Vaults.
 24185 | D:8      | Bought a scroll labeled PUICZA ALABING for 33 gold pieces
 24185 | D:8      | Bought a twisted ivory wand for 132 gold pieces
 24185 | D:8      | Bought a scroll of identify for 66 gold pieces
 24185 | D:8      | Bought a dark potion for 29 gold pieces
 24200 | D:8      | Bought a scroll of identify for 66 gold pieces
 24661 | Depths:1 | Entered Level 1 of the Depths
 24670 | Depths:1 | Found a one-way gate to the infinite horrors of the Abyss.
 24736 | Depths:1 | Found a gateway to Hell.
 24738 | Depths:1 | Reached XP level 15. HP: 117/117 MP: 5/15
 24784 | Depths:1 | Reached skill level 7 in Armour
 24785 | Depths:1 | Noticed a stone giant
 24803 | Depths:1 | Killed a stone giant
 24987 | Depths:1 | Found a magical portal.
 25078 | WizLab   | Entered Lehudib's Moon Base
 25187 | WizLab   | Noticed a tentacled starspawn
 25203 | WizLab   | Killed a tentacled starspawn
 25254 | WizLab   | Noticed a tentacled starspawn
 25256 | WizLab   | Noticed a tentacled starspawn
 25269 | WizLab   | Killed a tentacled starspawn
 25269 | WizLab   | Reached skill level 8 in Armour
 25347 | WizLab   | Noticed a tentacled starspawn
 25502 | WizLab   | Killed a tentacled starspawn
 25649 | WizLab   | Reached skill level 11 in Fighting
 25907 | WizLab   | Gained mutation: You have sharp fingernails. [a cacodemon]
 25975 | WizLab   | Noticed a tentacled starspawn
 25982 | WizLab   | Killed a tentacled starspawn
 25982 | WizLab   | Reached skill level 12 in Dodging
 26284 | WizLab   | Received a gift from Trog
 26289 | WizLab   | Reached skill level 13 in Dodging
 26869 | WizLab   | Gained mutation: You tend to lose your temper in combat. [a neqoxec]
 26904 | WizLab   | Noticed a tentacled starspawn
 26909 | WizLab   | Reached skill level 14 in Dodging
 26913 | WizLab   | Killed a tentacled starspawn
 27203 | WizLab   | Noticed a tentacled starspawn
 27227 | WizLab   | Killed a tentacled starspawn
 27227 | WizLab   | Reached XP level 16. HP: 108/125 MP: 5/16
 27286 | WizLab   | Reached skill level 15 in Dodging
 27426 | WizLab   | Noticed a tentacled starspawn
 27434 | WizLab   | Killed a tentacled starspawn
 27444 | WizLab   | Noticed a quicksilver dragon
 27452 | WizLab   | Killed a quicksilver dragon
 27617 | WizLab   | Noticed a tentacled starspawn
 27628 | WizLab   | Killed a tentacled starspawn
 27628 | WizLab   | Reached skill level 16 in Dodging
 28264 | WizLab   | Noticed a moon troll
 28276 | WizLab   | Killed a moon troll
 28454 | WizLab   | Identified Lehudib's Handbook of Clay and Transformation (You found it in a wizard's laboratory)
 28579 | Depths:1 | Noticed a stone giant
 28669 | Depths:1 | Reached skill level 1 in Evocations
 28691 | Depths:1 | Killed a stone giant
 28691 | Depths:1 | Reached skill level 2 in Evocations
 28751 | Depths:1 | Reached skill level 3 in Evocations
 28818 | Depths:1 | Reached skill level 4 in Evocations
 28945 | Depths:1 | Reached skill level 5 in Evocations
 29059 | Depths:1 | Noticed a storm dragon
 29155 | Depths:1 | Killed a storm dragon
 29294 | Depths:1 | Reached skill level 6 in Evocations
 29704 | Depths:1 | Reached skill level 7 in Evocations
 29797 | Depths:1 | Reached skill level 8 in Evocations
 30040 | Depths:1 | Reached skill level 9 in Evocations
 30287 | Depths:1 | Found a one-way gate to the infinite horrors of the Abyss.
 30366 | Depths:1 | Found a gateway to Hell.
 30515 | Depths:1 | Reached XP level 17. HP: 131/131 MP: 7/24
 30752 | Depths:1 | Gained mutation: You have a pair of small antennae on your head. [potion of beneficial mutation]
 30868 | Depths:1 | Reached skill level 10 in Evocations
 30981 | Depths:1 | Reached skill level 1 in Stealth
 31006 | Depths:1 | Reached skill level 2 in Stealth
 31081 | Depths:1 | Reached skill level 3 in Stealth
 31106 | Depths:2 | Reached skill level 4 in Stealth
 31194 | Depths:1 | Reached skill level 5 in Stealth
 31345 | Depths:2 | Reached skill level 6 in Stealth
 31422 | Depths:2 | Identified Olgreb's Tome of Poisoning
 31610 | Depths:2 | Received a gift from Trog
 31616 | Depths:2 | Reached skill level 7 in Stealth
 32242 | Depths:2 | Found Joicef's Gadget Shoppe.
 32258 | Depths:2 | Bought a fan of gales for 440 gold pieces
 32391 | Depths:1 | Reached skill level 12 in Fighting
 32579 | Depths:2 | Noticed a lich
 32579 | Depths:2 | Noticed a lich
 32582 | Depths:2 | Killed a lich
 32597 | Depths:2 | Killed a lich
 32682 | Depths:2 | Reached skill level 13 in Fighting
 33167 | Depths:2 | Reached skill level 14 in Fighting
 33258 | Depths:2 | Reached XP level 18. HP: 129/146 MP: 8/25
 34192 | Depths:2 | Found Joicef's Gadget Shoppe.
 34244 | Depths:1 | Reached skill level 15 in Fighting
 34972 | Depths:3 | Reached skill level 16 in Fighting
 35187 | Depths:3 | Received a gift from Trog
 35597 | Depths:3 | Found a one-way gate leading to the halls of Pandemonium.
 35738 | Depths:3 | Reached skill level 17 in Fighting
 35850 | Depths:3 | Noticed a greater mummy
 36493 | Depths:3 | Killed a greater mummy
 36718 | Depths:3 | Reached skill level 18 in Fighting
 36718 | Depths:3 | Reached XP level 19. HP: 158/160 MP: 10/26
 36727 | Depths:3 | Noticed a greater mummy
 36766 | Depths:3 | Killed a greater mummy
 36812 | Depths:3 | Noticed a greater mummy
 36824 | Depths:3 | Killed a greater mummy
 36883 | Depths:3 | Noticed a greater mummy
 36897 | Depths:3 | Killed a greater mummy
 37056 | Depths:3 | HP: 52/265 [octopode crusher's throw (25)]
 37288 | Depths:3 | Lost mutation: You have a pair of small antennae on your head. [potion of cure mutation]
 37288 | Depths:3 | Lost mutation: You tend to lose your temper in combat. [potion of cure mutation]
 37289 | Depths:3 | Gained mutation: You are partially covered in yellow scales (AC +2). [potion of beneficial mutation]
 37693 | Depths:3 | Reached skill level 19 in Fighting
 38225 | Depths:4 | Noticed Saint Roka
 38253 | Depths:4 | Killed Saint Roka
 38296 | Depths:3 | Reached skill level 20 in Fighting
 38698 | Depths:4 | Reached skill level 17 in Dodging
 38724 | Depths:4 | Received a gift from Trog
 39051 | Depths:4 | Reached skill level 18 in Dodging
 39051 | Depths:4 | Reached XP level 20. HP: 145/176 MP: 6/27
 39135 | Depths:4 | Got a heavily runed plate armour
 39146 | Depths:4 | Identified the +10 plate armour "Dieblept" {MR+ Int+3} (You found it on level 4 of the Depths)
 39677 | Depths:4 | Reached skill level 19 in Dodging
 39959 | Depths:4 | Noticed a golden dragon
 39970 | Depths:4 | Killed a golden dragon
 40130 | Depths:4 | Reached skill level 20 in Dodging
 40385 | Depths:4 | Received a gift from Trog
 40595 | Depths:4 | Found a corrupted altar of Lugonu.
 40827 | Depths:5 | Entered Level 5 of the Depths
 41007 | Depths:5 | Noticed Boris
 41014 | Depths:5 | Killed Boris
 41014 | Depths:5 | Reached skill level 8 in Stealth
 41120 | Depths:5 | Found a gateway to a ziggurat.
 41181 | Depths:5 | Noticed a golden dragon
 41198 | Depths:5 | Killed a golden dragon
 41198 | Depths:5 | Reached skill level 9 in Stealth
 41198 | Depths:5 | Reached skill level 11 in Evocations
 41402 | Depths:5 | Reached XP level 21. HP: 148/183 MP: 8/29
 41412 | Depths:5 | HP: 36/198 [something/shard of ice (36)]
 41412 | Depths:5 | Reached skill level 21 in Dodging
 41483 | Depths:5 | Found a gate to the Realm of Zot.
 42082 | Depths:5 | Received a gift from Trog
 42277 | Depths:5 | Reached skill level 22 in Dodging
 42350 | Depths:5 | Found a deep blue altar of Sif Muna.
 42663 | Depths:5 | Found a gateway to a ziggurat.
 42700 | Depths:5 | Found a gate to the Realm of Zot.
 42832 | Depths:5 | Found a deep blue altar of Sif Muna.
 43299 | Depths:2 | Bought an ornate deck of summoning for 220 gold pieces
 43334 | Hell     | Entered the Vestibule of Hell
 43342 | Hell     | Noticed Geryon
 43380 | Hell     | Killed Geryon
 43380 | Hell     | Reached skill level 10 in Stealth
 43606 | Hell     | Received a gift from Trog
 43616 | Hell     | Reached skill level 12 in Evocations
 43641 | Hell     | Got a transparent triple sword {god gift}
 43642 | Hell     | Identified the +10 triple sword of Offence {speed, *Corrode Str+6} (Trog gifted it to you in the Vestibule of Hell)
 43802 | Hell     | Found a gateway to the Iron City of Dis.
 43850 | Hell     | Reached skill level 11 in Stealth
 44016 | Hell     | Found a gateway to the freezing wastes of Cocytus.
 44266 | Hell     | Found a gateway to the ashen valley of Gehenna.
 44322 | Hell     | Reached skill level 12 in Stealth
 44497 | Hell     | Found a gateway to the decaying netherworld of Tartarus.
 44534 | Hell     | Reached skill level 13 in Evocations
 44769 | Tar:1    | Entered Level 1 of Tartarus
 44792 | Tar:1    | Reached XP level 22. HP: 174/190 MP: 9/31
 45026 | Tar:1    | Reached skill level 13 in Stealth
 45398 | Tar:1    | Reached skill level 14 in Stealth
 46104 | Tar:2    | Reached skill level 15 in Stealth
 46186 | Tar:2    | Received a gift from Trog
 46415 | Tar:3    | HP: 47/205 [titan zombie (9)]
 46437 | Tar:3    | HP: 37/205 [something (30)]
 46443 | Tar:3    | HP: 40/205 [hell hound[the effects of Hell] (5)]
 46449 | Tar:3    | HP: 31/205 [hell hound[the effects of Hell] (4)]
 46579 | Tar:3    | Reached skill level 14 in Evocations
 46587 | Tar:3    | HP: 47/205 [??? (40)]
 46597 | Tar:3    | HP: 36/205 [skeletal warrior/trident[the effects of Hell] (7)]
 46860 | Tar:4    | Found a huge runed gate.
 46861 | Tar:4    | Found a huge runed gate.
 46861 | Tar:4    | Found a huge runed gate.
 46861 | Tar:4    | Found a huge runed gate.
 46861 | Tar:4    | Found a huge runed gate.
 46861 | Tar:4    | Found a huge runed gate.
 46861 | Tar:4    | Found a huge runed gate.
 46861 | Tar:4    | Found a huge runed gate.
 46862 | Tar:4    | Found a huge runed gate.
 46863 | Tar:4    | Found a huge runed gate.
 46954 | Tar:6    | HP: 45/205 [reaper/scythe of venom (21)]
 46959 | Tar:6    | HP: 46/205 [poisoned by a reaper]
 46963 | Tar:6    | HP: 17/205 [something (19)]
 46968 | Tar:6    | HP: 37/205 [poisoned by a reaper]
 46973 | Tar:6    | HP: 31/205 [poisoned by a reaper]
 46978 | Tar:6    | HP: 33/205 [poisoned by a reaper]
 46984 | Tar:6    | HP: 39/205 [poisoned by a reaper]
 46989 | Tar:6    | HP: 43/205 [poisoned by a reaper]
 46994 | Tar:6    | HP: 46/205 [poisoned by a reaper]
 47000 | Tar:6    | HP: 49/205 [poisoned by a reaper]
 47021 | Tar:6    | HP: 51/205 [stone giant simulacrum[the effects of Hell] (16)]
 47021 | Tar:6    | HP: 19/205 [stone giant simulacrum[the effects of Hell] (32)]
 47030 | Tar:6    | Reached skill level 15 in Evocations
 47284 | Tar:7    | Entered Level 7 of Tartarus
 47428 | Tar:7    | Reached skill level 9 in Armour
 47558 | Tar:7    | Reached XP level 23. HP: 191/197 MP: 13/34
 47700 | Tar:7    | Received a gift from Trog
 47766 | Tar:7    | Reached skill level 10 in Armour
 48110 | Tar:7    | Reached skill level 11 in Armour
 48278 | Tar:7    | Noticed Ereshkigal
 48363 | Tar:7    | Received a gift from Trog
 48548 | Tar:7    | Killed Ereshkigal
 48602 | Tar:7    | Got a wavering sapphire amulet
 48604 | Tar:7    | Identified the amulet "Riur" {Ward -Tele rN+ MR++ Int+2 Dex+4} (You found it on level 7 of Tartarus)
 48610 | Tar:7    | Got a bone rune of Zot
 48773 | Geh:1    | Entered Level 1 of Gehenna
 49139 | Geh:7    | Entered Level 7 of Gehenna
 49365 | Geh:7    | Reached skill level 21 in Fighting
 49562 | Geh:7    | Received a gift from Trog
 49667 | Geh:7    | Reached XP level 24. HP: 204/204 MP: 13/34
 49696 | Geh:7    | Noticed the Serpent of Hell
 49722 | Geh:7    | Killed the Serpent of Hell
 49924 | Geh:7    | Reached skill level 22 in Fighting
 50055 | Geh:7    | Gained mutation: You are agile. (Dex +2) [potion of beneficial mutation]
 50207 | Geh:7    | Noticed Asmodeus
 50261 | Geh:7    | Killed Asmodeus
 50448 | Geh:7    | Got an obsidian rune of Zot
 50508 | Geh:7    | Reached skill level 23 in Fighting
 50628 | Geh:7    | HP: 54/229 [??? (45)]
 50644 | Geh:7    | HP: 55/229 [balrug/divine providence (9)]
 50743 | Geh:7    | HP: 41/229 [???[the effects of Hell] (34)]
 50947 | Geh:7    | Lost mutation: You are agile. (Dex +2) [mutagenic glow]
 51151 | Geh:7    | Got a shimmering tin ring
 51154 | Geh:7    | Identified the cursed ring "Veitaet" {rPois Str+4 Int-2 Dex+4 SInv} (You found it on level 7 of Gehenna)
 51393 | Geh:7    | Gained mutation: You expend magic power (3 MP) to strengthen your wands. [mutagenic glow]
 51453 | Geh:7    | Gained mutation: Your spells are a little easier to cast, but a little less powerful. [mutagenic glow]
 51477 | Geh:7    | Reached skill level 16 in Evocations
 51879 | D:13     | Bought 5 fruits for 97 gold pieces
 51879 | D:13     | Bought a bread ration for 65 gold pieces
 51879 | D:13     | Bought a slice of pizza for 19 gold pieces
 51879 | D:13     | Bought a bread ration for 65 gold pieces
 51879 | D:13     | Bought a bread ration for 65 gold pieces
 51879 | D:13     | Bought a royal jelly for 26 gold pieces
 51879 | D:13     | Bought a slice of pizza for 19 gold pieces
 52006 | D:8      | Bought a scroll of acquirement for 1716 gold pieces
 52798 | Coc:1    | Entered Level 1 of Cocytus
 53074 | Coc:2    | HP: 44/227 [???[the effects of Hell] (42)]
 53081 | Coc:3    | HP: 54/227 [poisoned by a reaper]
 53148 | Coc:3    | Received a gift from Trog
 53148 | Coc:3    | Reached XP level 25. HP: 115/222 MP: 11/35
 53826 | Coc:5    | Reached skill level 24 in Fighting
 53826 | Coc:5    | Reached skill level 17 in Evocations
 54574 | Coc:7    | Entered Level 7 of Cocytus
 55196 | Coc:7    | Received a gift from Trog
 55496 | Coc:7    | Reached skill level 18 in Evocations
 55739 | Coc:7    | HP: 57/240 [??? (55)]
 55750 | Coc:7    | HP: 35/241 [??? (32)]
 55756 | Coc:7    | HP: 49/241 [Ice Fiend (15)]
 56074 | Coc:7    | Reached skill level 25 in Fighting
 56074 | Coc:7    | Reached XP level 26. HP: 233/233 MP: 12/36
 56196 | Coc:7    | Noticed Antaeus
 56205 | Coc:7    | HP: 55/248 [Antaeus/flash freeze (24)]
 56229 | Coc:7    | HP: 49/248 [??? (46)]
 56231 | Coc:7    | HP: 20/250 [??? (17)]
 56285 | Coc:7    | HP: 62/250 [something (12)]
 56636 | Coc:7    | Killed Antaeus
 56636 | Coc:7    | Reached skill level 19 in Evocations
 57231 | Coc:7    | HP: 35/250 [??? (32)]
 57261 | Coc:7    | Got an icy rune of Zot
 57458 | Coc:7    | Gained mutation: Your mind is acute. (Int +2) [mutagenic glow]
 57645 | Dis:1    | Entered Level 1 of the Iron City of Dis
 58012 | Dis:2    | Reached skill level 16 in Stealth
 58026 | Dis:2    | Received a gift from Trog
 58140 | Dis:2    | Received a gift from Trog
 58291 | Dis:2    | Reached skill level 17 in Stealth
 58575 | Dis:4    | HP: 58/247 [???[the effects of Hell] (51)]
 58608 | Dis:4    | HP: 58/247 [??? (50)]
 58609 | Dis:4    | HP: 19/247 [??? (15)]
 58611 | Dis:4    | HP: 9/247 [??? (6)]
 58956 | Dis:3    | Reached skill level 18 in Stealth
 59226 | Dis:5    | You fall through a shaft!
 59244 | Dis:7    | Entered Level 7 of the Iron City of Dis
 59328 | Dis:7    | Received a gift from Trog
 59758 | Dis:2    | Reached skill level 19 in Stealth
 59807 | Dis:2    | Reached XP level 27. HP: 239/239 MP: 12/36
 60177 | Dis:7    | Reached skill level 20 in Stealth
 60199 | Dis:7    | Received a gift from Trog
 60344 | Dis:7    | Noticed Dispater
 60551 | Dis:7    | Killed Dispater
 60551 | Dis:7    | Reached skill level 23 in Dodging
 60653 | Dis:7    | Got an iron rune of Zot
 60880 | Zot:1    | Entered Level 1 of the Realm of Zot
 60880 | Zot:1    | Noticed Tiamat
 60997 | Depths:5 | Killed Tiamat
 61066 | Zot:1    | Reached skill level 21 in Stealth
 61862 | Zot:3    | Received a gift from Trog
 62181 | Zot:3    | Noticed an orb of fire
 62200 | Zot:3    | Killed an orb of fire
 62286 | Zot:4    | Reached skill level 22 in Stealth
 62660 | Zot:4    | Noticed an orb of fire
 62666 | Zot:4    | Gained mutation: You are weak. (Str -2) [an orb of fire]
 62677 | Zot:4    | Killed an orb of fire
 62811 | Zot:4    | Reached skill level 26 in Fighting
 63093 | Zot:5    | Entered Level 5 of the Realm of Zot
 63492 | Zot:5    | Reached skill level 23 in Stealth
 63887 | Zot:5    | Noticed an ancient lich
 63917 | Zot:5    | Noticed an ancient lich
 63954 | Zot:5    | Killed an ancient lich
 63962 | Zot:5    | Killed an ancient lich
 64122 | Zot:5    | Noticed an ancient lich
 64143 | Zot:5    | Killed an ancient lich
 64190 | Zot:5    | Noticed an orb of fire
 64207 | Zot:5    | Killed an orb of fire
 64357 | Zot:5    | Noticed an orb of fire
 64456 | Zot:5    | Gained mutation: Scrolls take you a little longer to read. [an orb of fire]
 64478 | Zot:5    | Killed an orb of fire
 64478 | Zot:5    | Reached skill level 27 in Polearms
 64576 | Zot:5    | Noticed an orb of fire
 64594 | Zot:5    | Killed an orb of fire
 64594 | Zot:5    | Reached skill level 27 in Fighting
 64694 | Zot:5    | Noticed an orb of fire
 64710 | Zot:5    | Gained mutation: You are resistant to hostile enchantments. [an orb of fire]
 64723 | Zot:5    | Gained mutation: You have a pair of small horns on your head. [an orb of fire]
 64739 | Zot:5    | Killed an orb of fire
 64753 | Zot:5    | Lost mutation: You have sharp fingernails. [potion of cure mutation]
 64753 | Zot:5    | Lost mutation: Your spells are a little easier to cast, but a little less powerful. [potion of cure mutation]
 64753 | Zot:5    | Lost mutation: Scrolls take you a little longer to read. [potion of cure mutation]
 64753 | Zot:5    | Lost mutation: You are partially covered in yellow scales (AC +2). [potion of cure mutation]
 64753 | Zot:5    | Lost mutation: You have a pair of small horns on your head. [potion of cure mutation]
 64753 | Zot:5    | Lost mutation: You are resistant to hostile enchantments. [potion of cure mutation]
 64851 | Zot:5    | Noticed an orb of fire
 64871 | Zot:5    | Gained mutation: Your spells are a little easier to cast, but a little less powerful. [an orb of fire]
 64885 | Zot:5    | Killed an orb of fire
 64885 | Zot:5    | Reached skill level 24 in Dodging
 65374 | Zot:5    | Got the Orb of Zot
 65430 | Zot:5    | Reached skill level 25 in Dodging
 65525 | Zot:1    | Noticed an orb of fire
 66142 | D:$      | Escaped with the Orb!

Action                   |  1- 3 |  4- 6 |  7- 9 | 10-12 | 13-15 | 16-18 | 19-21 | 22-24 | 25-27 || total
-------------------------+-------+-------+-------+-------+-------+-------+-------+-------+-------++-------
Melee: Spear             |    87 |   220 |    77 |       |       |       |       |       |       ||   384
       Trident           |       |       |   196 |   421 |       |       |       |       |       ||   617
       Glaive            |       |       |       |   503 |    75 |    18 |     8 |       |       ||   604
       Bardiche          |       |       |       |    13 |   902 |  1354 |  1503 |  2657 |  3362 ||  9791
 Fire: Blowgun           |       |       |       |       |       |       |       |       |     4 ||     4
Throw: Tomahawk          |       |       |     1 |    26 |       |       |       |       |       ||    27
Invok: Berserk           |     1 |     4 |     5 |     8 |    17 |    27 |    21 |    11 |    11 ||   105
       Trog's Hand       |       |       |     1 |     2 |     5 |     3 |     3 |    11 |    47 ||    72
       Burn Spellbooks   |       |       |       |     1 |     1 |     3 |       |     4 |     2 ||    11
       Brothers in Arms  |       |       |       |     2 |     8 |     2 |       |     2 |     1 ||    15
 Abil: Evoke Invisibilit |       |       |       |       |       |       |       |       |     4 ||     4
Evoke: Wand              |       |       |       |       |     4 |    18 |    12 |    10 |    30 ||    74
       Lamp of fire      |       |       |       |       |     1 |     2 |     4 |     2 |    13 ||    22
       Fan of gales      |       |       |       |       |       |     2 |     2 |     5 |    10 ||    19
       Box of beasts     |       |       |       |       |       |       |     1 |    15 |    13 ||    29
       Horn of Geryon    |       |       |       |       |       |       |       |     4 |    14 ||    18
       Sack of spiders   |       |       |       |       |       |       |       |       |     8 ||     8
       Phial of floods   |       |       |       |       |       |       |       |       |     7 ||     7
       Sceptre of Asmode |       |       |       |       |       |       |       |       |     6 ||     6
       Deck              |       |       |       |       |       |       |       |       |     7 ||     7
  Use: Scroll            |       |       |       |    19 |    10 |    10 |     4 |    13 |    17 ||    73
       Potion            |       |       |       |     4 |     2 |     6 |     4 |     6 |     6 ||    28
 Stab: Sleeping          |     1 |       |       |       |       |       |    14 |    37 |    28 ||    80
       Distracted        |       |       |       |       |       |     3 |    12 |    19 |    48 ||    82
       Held in net/web   |       |       |       |       |       |       |       |       |     6 ||     6
       Invisible         |       |       |       |       |       |       |       |       |    51 ||    51
  Eat: Chunk             |     1 |    12 |    13 |    39 |    33 |    38 |    33 |     5 |    38 ||   212
       Fruit             |       |       |       |     5 |     5 |       |       |     2 |     5 ||    17
       Royal jelly       |       |       |       |     2 |     6 |     1 |     1 |     1 |       ||    11
       Beef jerky        |       |       |       |       |     2 |       |       |       |     2 ||     4
       Bread ration      |       |       |       |       |     1 |     7 |     6 |     3 |     5 ||    22
       Meat ration       |       |       |       |       |       |       |       |     8 |     6 ||    14
       Pizza             |       |       |       |       |       |       |       |     2 |       ||     2

Vault maps used:
D:1:      dpeg_arrival_rhombi
D:3:      bloody_trog, gammafunk_temple_overflow_pools, first_bread,
          amethyst_killhole, minmay_joined_circles, uniq_robin
D:4:      cheibriados_altar_1, nicolae_dithmenos_through_a_glass_darkly
D:5:      nicolae_ru_path_of_blood, lemuel_doored_altar, temple_hall,
          hangedman_decor_slide_cut
D:8:      minmay_distorted_concentric_squares, serial_shops, shop_fountains,
          shop_fountains
D:9:      nicolae_tso_carved_into_rock, minmay_lair_entry_grove, serial_shops,
          kennysheep_mini_moat, uniq_prince_ribbit1
D:10:     cheibrodos_stairvault_heist, orc_0_dummy, hangedman_stone_soup
D:11:     uniq_psyche
D:12:     special_room, grunt_gozag_statues
D:13:     minmay_outward_triangles, david_vaults_4, serial_shops,
          nicolae_shop_behind_doors, portal_ice_cave_entry_ice_statue_01,
          enter_bailey_3, lightli_swarmer, uniq_josephine
D:15:     grunt_enter_depths_snipers, lemuel_blue_sif_altar
Depths:1: grunt_decor_cap, abyss_entry, infiniplex_enter_wizlab_water,
          grunt_hell_entry_dis_mu, hex_large, feat_on_display
Depths:2: hangedman_screamer, hell_entry, serial_shops, shop, dk_noncrumbling_4
Depths:3: ragdoll_tomb_raider, abyss_entry_small_statue_room,
          rand_demon_pan_entry_4, hell_entry, serial_bayou_shore_a
Depths:4: nooodl_heptagram, hangedman_tar_grid_catacomb, serial_bayou_pond_e,
          abyss_entry_flame_altar, infiniplex_staircase_pillars_3b,
          uniq_saint_roka
Depths:5: evilmike_zot_entry_basic, enter_ziggurat_d, basic_altar, hell_entry,
          grunt_megastairs_3, uniq_boris
Dis:2:    grunt_dis_stairs_iron_hall
Dis:4:    hangedman_dis_monolith
Dis:5:    grunt_megastairs_4
Dis:6:    special_room
Dis:7:    iron_city_of_dis
Geh:5:    grunt_bruiser_brothers, lemuel_elevator
Geh:7:    evilmike_geh
Coc:6:    nicolae_coc_ice_floe
Coc:7:    coc_grunt_cove
Tar:3:    nicolae_tar_cuneiform_sun, nicolae_tar_cuneiform_to_be
Tar:4:    nicolae_tar_cuneiform_three, door_vault
Tar:5:    nicolae_tar_cuneiform_three
Tar:6:    nicolae_tar_cuneiform_three
Tar:7:    tar_minmay_river
Zot:1:    uniq_tiamat
Zot:3:    stair_cage_wide, bh_zot_lava_cross, nrook_zot_tub
Zot:5:    grunt_ministairs_1
Bailey:   bailey_axe_of_yendor_kennysheep, bailey
WizLab:   wizlab_lehudib

Table legend:
 A = Turns spent in this place as a percentage of turns spent in the entire game.
 B = Non-inter-level travel turns spent in this place as a percentage of non-inter-level travel turns spent in the entire game.
 C = Inter-level travel turns spent in this place as a percentage of turns spent in this place.
 D = Turns resting spent in this place as a percentage of non-inter-level travel turns spent in this place.
 E = Turns spent auto-exploring this place as a percentage of non-inter-level travel turns spent in this place.
 F = Non-inter-level travel turns spent in this place divided by the number of levels of this place that you've seen.
                   A       B       C       D       E      F
               +-------+-------+-------+-------+-------+----------------------
         Total | 100.0 | 100.0 |   0.4 |   4.0 |   3.9 | 696.3
       Dungeon |  24.2 |  24.1 |   0.8 |   2.5 |  10.7 | 626.3
        Depths |  25.0 |  25.0 |   0.4 |   6.0 |   3.3 | 1948.4
          Hell |   2.9 |   2.9 |   0.5 |   3.3 |   4.9 | 1122.0
           Dis |   7.4 |   7.4 |   0.2 |   0.8 |   0.0 | 413.9
       Gehenna |   7.0 |   7.0 |   0.0 |   4.5 |   0.0 | 389.3
       Cocytus |   9.6 |   9.7 |   0.0 |   4.2 |   0.1 | 537.7
      Tartarus |   9.5 |   9.5 |   0.6 |   2.9 |   0.3 | 531.0
           Zot |   7.8 |   7.8 |   0.1 |   4.2 |   1.6 | 612.2
        Bailey |   1.6 |   1.6 |   0.0 |   4.8 |   7.6 | 643.0
        Wizlab |   4.9 |   4.9 |   0.0 |   8.0 |   1.1 | 1929.0
               +-------+-------+-------+-------+-------+----------------------

Table legend:
 A = Kills in this place as a percentage of kills in entire the game.
 B = Kills by you in this place as a percentage of kills by you in the entire game.
 C = Kills by friends in this place as a percentage of kills by friends in the entire game.
 D = Other kills in this place as a percentage of other kills in the entire game.
 E = Experience gained in this place as a percentage of experience gained in the entire game.
 F = Experience gained in this place divided by the number of levels of this place that you have seen.
                   A       B       C       D       E      F
               +-------+-------+-------+-------+-------+----------------------
         Total | 100.0 | 100.0 | 100.0 | 100.0 | 100.0 | 30114.0
       Dungeon |  22.5 |  23.8 |   4.0 |  11.8 |   5.4 | 6041.3
        Depths |  18.6 |  19.7 |   4.6 |   0.0 |  24.0 | 80823.8
          Hell |   3.8 |   4.1 |   0.0 |   0.0 |   4.0 | 66674.0
           Dis |  12.0 |  10.3 |  35.8 |  23.5 |  10.5 | 25312.7
       Gehenna |   7.8 |   7.5 |   9.9 |  17.6 |   9.9 | 23906.7
       Cocytus |  12.4 |  11.7 |  23.8 |   5.9 |  12.5 | 29999.3
      Tartarus |  12.4 |  12.3 |  14.6 |   0.0 |  11.0 | 26479.6
           Zot |   6.3 |   6.1 |   7.3 |  17.6 |  19.3 | 65153.4
        Bailey |   1.9 |   2.0 |   0.0 |   5.9 |   0.3 | 5025.0
        Wizlab |   2.4 |   2.4 |   0.0 |  17.6 |   3.2 | 54292.0
               +-------+-------+-------+-------+-------+----------------------
